 Dungeon Crawl Stone Soup version 0.19.5 (webtiles) character file.

160 Gargoyl the Skirmisher (level 5, 0/46 HPs)
             Began as a Ghoul Abyssal Knight on Mar 3, 2017.
             Was a Believer of Lugonu.
             Slain by Sigmund
             ... wielding a +0 vampiric scythe
              (11 damage)
             ... on level 3 of the Dungeon.
             The game lasted 00:05:46 (2335 turns).

Gargoyl the Skirmisher (Ghoul Abyssal Knight)       Turns: 2335, Time: 00:05:47

Health: 0/46       AC:  6    Str: 16    XL:     5   Next: 41%
Magic:  6/6        EV: 11    Int:  7    God:    Lugonu [**....]
Gold:   188        SH:  0    Dex:  9    Spells: 0 memorised, 4 levels left

rFire  . . .     SeeInvis .     d - +1 whip (elec)
rCold  + . .     Gourm    .     b - +0 leather armour
rNeg   + + +     Faith    .     (no shield)
rPois  ∞         Spirit   .     (no helmet)
rElec  .         Reflect  .     p - +0 cloak
rCorr  .         Harm     .     e - +1 pair of gloves
MR     .....                    (no boots)
Stlth  +.........               (no amulet)
                                (no ring)
                                (no ring)

@: very slightly contaminated, rotting, invisible
A: rotting body, claws 1, carnivore 3, cold resistance 1, negative energy
resistance 3, slow regeneration 1, torment resistance, unbreathing
a: Depart the Abyss, Bend Space, Renounce Religion


You were on level 3 of the Dungeon.
You worshipped Lugonu.
Lugonu was pleased with you.
You were not hungry.

You visited 1 branch of the dungeon, and saw 3 of its levels.
You visited the Abyss 1 time.

You collected 188 gold pieces.

Inventory:

Hand Weapons
 a - a +1 hand axe
 d - a +1 whip of electrocution (weapon)
Armour
 b - a +0 leather armour (worn)
 e - a +1 pair of gloves (worn)
 p - a +0 cloak (worn)
Jewellery
 t - an uncursed ring of ice {unknown}
Wands
 r - a wand of confusion (13/48)
Scrolls
 i - 2 scrolls of teleportation
 u - a scroll of fog
Potions
 l - a potion of cancellation {unknown}
 n - a potion of ambrosia {unknown}
 o - a potion of haste {unknown}
 q - a potion of agility {unknown}
 s - a potion of curing {unknown}
Comestibles
 c - 3 meat rations
 g - a beef jerky
 h - 4 chunks of flesh


   Skills:
 + Level 4.2 Fighting
 + Level 1.7(2.1) Axes
 + Level 1.6(2.1) Maces & Flails
 * Level 3.1 Armour
 + Level 1.4 Dodging
 * Level 3.0 Invocations


You had 4 spell levels left.
You didn't know any spells.

Dungeon Overview and Level Annotations

Branches:
Dungeon (3/15)

Altars:
Makhleb
Okawaru
Qazlal

Annotations:
D:3 Sigmund


Innate Abilities, Weirdness & Mutations

Your body is rotting away.
You thrive on raw meat.
You are immune to poison.
You have sharp fingernails.
You are carnivorous and can eat meat at any time.
Your flesh is cold resistant. (rC+)
You are immune to negative energy. (rN+++)
You regenerate slowly when monsters are visible.
You are immune to unholy pain and torment.
You can survive without breathing.


Message History

You hit Sigmund but do no damage.
Sigmund is lightly wounded.
Sigmund closely misses you.
The rat twitches its whiskers.
Sigmund casts a spell.
Sigmund flickers and vanishes!
Deactivating autopickup; reactivate with Ctrl-A.
You bump into the rock wall.
Something hits you!
You bump into the rock wall.
Something hits you!
You fade into invisibility!
You are very lightly contaminated with residual magic.
It was a potion of lignification.
You feel woody for a moment.
You feel less confused.
You hear some strange, mumbled words.
A puff of flame appears from out of thin air!
The puff of flame hits you!
* * * LOW HITPOINT WARNING * * *
It was a potion of cure mutation.
It has a very clean taste.
Something hits you!
You die...

#..........#
####.##.#######....#
.........>.........
####))..#### #.... #
###..#######..[ #
#..........#... ##
#..........##r#
.###..........##{#
..............##@#
.................#
...............###
#.##...........#
#.##...........#
#..............#
#####.........##
#..#≈≈.≈≈##
#..#g≈.≈g#


You could see a rat.

Vanquished Creatures
  Ijyb (D:2)
  6 adders
  An ooze (D:3)
  3 worms (D:2)
  2 dart slugs
  6 leopard geckos
  An orc (D:3)
  A giant cockroach (D:2)
  4 goblins
  10 hobgoblins
  4 jackals (D:2)
  5 kobolds
  A ball python (D:1)
  4 bats
  4 frilled lizards
  9 rats
62 creatures vanquished.

Notes
Turn   | Place    | Note
-------+----------+-------------------------------------------
     0 | Abyss:1  | Gargoyl the Ghoul Abyssal Knight began the quest for the Orb.
     0 | Abyss:1  | Reached XP level 1. HP: 19/19 MP: 1/1
    31 | Abyss:2  | Noticed a small abomination
    38 | Abyss:2  | Noticed a large abomination
    45 | D:1      | Escaped the Abyss
   462 | D:1      | Reached XP level 2. HP: 23/24 MP: 2/2
   496 | D:1      | Reached skill level 1 in Dodging
   943 | D:2      | Noticed Ijyb
   964 | D:2      | Killed Ijyb
   964 | D:2      | Reached XP level 3. HP: 29/33 MP: 3/3
  1199 | D:2      | Reached skill level 4 in Fighting
  1228 | D:2      | Reached * piety under Lugonu
  1233 | D:2      | Reached XP level 4. HP: 29/40 MP: 4/4
  1700 | D:2      | Reached skill level 1 in Maces & Flails
  1729 | D:2      | Found a faded altar of an unknown god.
  1898 | D:3      | Reached ** piety under Lugonu
  1898 | D:3      | Reached XP level 5. HP: 39/45 MP: 6/6
  1984 | D:3      | Found an iron altar of Okawaru.
  2164 | D:3      | Found a stormy altar of Qazlal.
  2213 | D:3      | Found a burning altar of Makhleb.
  2323 | D:3      | Noticed Sigmund
  2335 | D:3      | Slain by Sigmund

Skill      XL: |  1  2  3  4  5 |
---------------+----------------+-----
Armour         | 2 3 |  3.1
Dodging        | 1 |  1.4
Fighting       | 4 |  4.2
Maces & Flails | 1 |  1.6
Invocations    | 3 |  3.0
Axes           | |  1.7

Action                   |  1- 3 |  4- 6 || total
-------------------------+-------+-------++-------
Melee: Whip              |    92 |   178 ||   270
Invok: Depart the Abyss  |     1 |       ||     1
  Use: Scroll            |     1 |     6 ||     7
       Potion            |       |     3 ||     3
  Eat: Chunk             |    10 |    26 ||    36
Armor: Leather armour    |    21 |    96 ||   117
Dodge: Dodged            |    48 |   142 ||   190
